AoeStats
← Milaad

Pilgrims

508118507Analyzed
3v3 RM · 12d ago on Sep 21, 2026· 63m 11s· 6 players
Game mode
Random Map
Map size
Normal (6 player)
Population
200
Speed
Normal
Resources
Standard
Victory
Conquest
Starting age
Dark Age
Ending age
Imperial Age
RankedLock teamsTeams togetherTeam positionsShared explorationLock speedFull tech treeHidden civsTurbo modeCheats
Victory
Defeat
🇦🇷 Italians · Argentina
1228
+9
🇦🇷 Persians · Argentina
1139
+13
🇦🇷 Bulgarians · Argentina
1100
+14
🇺🇸 Malay · United States
1086
-13
🇺🇸 Slavs · United States
1078
-12
🇺🇸 Maya · United States
1045
-11
Darmoran
5:07 Loom
9:28 Feudal Age
9:59 Double-Bit Axe
11:17 Fletching
15:49 Castle Age
14:39 Fishing Lines
16:40 Bodkin Arrow
16:59 Medium Warships
16:51 Gillnets
17:40 Bow Saw
19:48 Ballistics
23:39 Imperial Age
22:11 Thumb Ring
21:27 Crossbowman
22:48 Padded Archer Armor
23:46 Gold Mining
25:45 Chemistry
25:38 Bracer
27:44 Leather Archer Armor
26:59 Arbalester
31:34 Wheelbarrow
33:34 Hand Cart
34:21 Horse Collar
35:46 Two-Man Saw
35:46 Stone Mining
36:50 Conscription
38:57 Stone Shaft Mining
41:43 Town Watch
43:49 Hoardings
44:56 Town Patrol
54:08 Ring Archer Armor
-LN-MikeElMagnanimo
7:44 Loom
11:06 Feudal Age
12:23 Fletching
12:32 Gold Mining
17:08 Fishing Lines
22:11 Castle Age
21:26 Bloodlines
21:23 Scale Barding Armor
21:29 Forging
22:29 Gillnets
22:43 Husbandry
23:08 Chain Barding Armor
23:24 Iron Casting
23:09 Double-Bit Axe
24:07 Horse Collar
26:18 Wheelbarrow
32:02 Bow Saw
31:55 Heavy Plow
33:20 Hand Cart
32:55 Town Watch
46:12 Imperial Age
45:58 Cavalier
47:15 Plate Barding Armor
47:40 Blast Furnace
49:33 Savar
55:27 Conscription
-LN- manqueo
Streetlamp Le Moose
8:39 Loom
13:40 Feudal Age
14:15 Double-Bit Axe
15:15 Fletching
21:11 Castle Age
19:49 Wheelbarrow
21:30 Fishing Lines
22:12 Bodkin Arrow
22:29 Medium Warships
23:16 Medium Warships
25:37 Hand Cart
25:36 Bow Saw
26:49 Detinets
27:02 Bloodlines
26:53 Husbandry
27:08 Forging
27:04 Scale Barding Armor
27:13 Horse Collar
33:36 Town Watch
38:58 Heavy Plow
51:00 Imperial Age
49:19 Iron Casting
49:06 Chain Barding Armor
52:05 Conscription
52:44 Hoardings
53:56 Elite Boyar
ScoobaDoobaDoo
5:03 Loom
14:40 Feudal Age
16:15 Horse Collar
19:12 Castle Age
17:42 Double-Bit Axe
18:13 Stone Mining
18:58 Fletching
19:44 Padded Archer Armor
20:24 Wheelbarrow
20:29 Bow Saw
21:20 Scale Mail Armor
22:12 Bodkin Arrow
23:40 Gold Mining
23:53 Heavy Plow
29:08 Thumb Ring
31:12 Pikeman
31:57 Squires
32:21 Chain Mail Armor
34:18 Hand Cart
35:12 Eagle Warrior
35:38 Arson
37:16 Hul'che Javelineers
36:42 Elite Skirmisher
42:49 Imperial Age
44:55 Elite Eagle Warrior
44:56 Halberdier
50:52 Forging
52:17 Plate Mail Armor
51:46 Town Watch
53:15 Two-Man Saw
54:29 Town Patrol
56:07 Stone Shaft Mining
Milaad
4:06 Loom
12:51 Feudal Age
15:26 Gold Mining
21:21 Double-Bit Axe
24:00 Castle Age
26:44 Pikeman
33:17 Wheelbarrow
38:14 Elite Skirmisher
44:48 Fletching
46:14 Padded Archer Armor
55:01 Horse Collar
63:08 Forging
Connection lost

Rejoining the realm…

Still unreachable

The connection could not be restored.

Session expired

The server has moved on; the page needs a fresh start.